 Dungeon Crawl Stone Soup version 0.13.0-25-g43d4df3 (webtiles) character file.

77 Malachi the Digger (level 2, -2/22 HPs)
             Began as a Deep Dwarf Earth Elementalist on Oct 27, 2013.
             Slain by a kobold
             ... wielding a +0,+0 whip
              (3 damage)
             ... on Level 1 of the Dungeon.
             The game lasted 00:02:00 (675 turns).

Malachi the Digger (Deep Dwarf Earth Elementalist)   Turns: 675, Time: 00:02:00

HP  -2/22        AC  2     Str 11      XL: 2   Next: 37%
MP   1/4         EV 12     Int 15      God:
Gold 61          SH  0     Dex 13      Spells:  1 memorised,  2 levels left

Res.Fire  : . . .   See Invis. : .   n - +0 short sword
Res.Cold  : . . .   Warding    : .   c - +0 robe
Life Prot.: . . .   Conserve   : .   (no shield)
Res.Poison: .       Res.Corr.  : .   (no helmet)
Res.Elec. : .       Clarity    : .   (no cloak)
Sust.Abil.: . .     Spirit.Shd : .   (no gloves)
Res.Mut.  : .       Stasis     : .   (no boots)
Res.Rott. : .       Flight     : .   (no amulet)
Saprovore : . . .                    (no ring)
                                     (no ring)

@: non-regenerating, constricted, slightly resistant to hostile enchantments,
fairly stealthy
A: damage resistance, recharge devices, sense surroundings 1, slow healing 3
a: Device Recharging


You were on level 1 of the Dungeon.
You were not hungry.

You visited 1 branch of the dungeon, and saw 1 of its levels.

You collected 41 gold pieces.

Inventory:

Hand weapons
 n - a +0,+0 short sword (weapon)
Missiles
 b - 12 stones (quivered)
 g - 8 needles of sleeping
 i - 12 poisoned needles
 j - 4 needles of frenzy
Armour
 c - a +0 robe (worn)
Magical devices
 a - a wand of heal wounds (5)
Comestibles
 f - a bread ration
Scrolls
 l - a scroll of identify {unknown}
 m - a scroll of remove curse {unknown}
Potions
 e - a potion of curing {unknown}
 h - a potion of heal wounds {unknown}
 k - a potion of paralysis {unknown}
Books
 d - a book of Geomancy

   Spells                             Type                      Level
   *Sandblast                         Earth                        1
   Stoneskin                          Transmutation/Earth          2
   Passwall                           Transmutation/Earth          3
   Stone Arrow                        Conjuration/Earth            3
   Petrify                            Transmutation/Earth          4
   Lee's Rapid Deconstruction         Earth                        5


   Skills:
 + Level 2.5 Dodging
 + Level 2.4 Stealth
 + Level 1.0 Spellcasting
   Level 0.8 Transmutations
 * Level 4.8 Earth Magic


You had 2 spell levels left.
You knew the following spells:

 Your Spells              Type           Power        Failure   Level  Hunger
a - Sandblast             Erth           ###...       3%          1    ##.....


Dungeon Overview and Level Annotations

Branches:
Dungeon (1/27)

Altars:


Innate Abilities, Weirdness & Mutations

You are resistant to damage.
You can recharge devices by infusing magical energy.
You passively map a small area around you.
You do not heal naturally.


Message History

You hit the kobold but do no damage.
The kobold is moderately wounded.
The kobold hits you with a whip.
* * * LOW HITPOINT WARNING * * *
The ball python barely misses you. The ball python constricts you.
You barely miss the kobold.
The kobold is moderately wounded.
The ball python barely misses you. The ball python constricts you.
The kobold hits you with a whip.
* * * LOW HITPOINT WARNING * * *
The ball python bites you but does no damage.
The ball python constricts you.
Unknown command.
Unknown command.
You hit the kobold but do no damage.
The kobold is moderately wounded.
The kobold hits you with a whip.
The ball python bites you but does no damage.
The ball python constricts you. The kobold hits you with a whip.
You die...

##...##.# #.. ##.##
#.###...####
#..........#
#####...##.############
##.............%..#
#####.##########.# #S#
#.# ########## #@######
#.# ......K(.# #K##...#
#.#
.#.....#%#######......#
#.#
,#.....#..K..((.......#
#.#
##...##.##############
#.# .#...#.)# #.#
#.##.##..# #.#
#..#.#...#########*###
#.# ##.###............
..# #.#


You could see a ball python and a kobold.

Vanquished Creatures
  A ball python (D:1)
  2 hobgoblins (D:1)
  5 kobolds (D:1)
  3 bats (D:1)
  2 giant newts (D:1)
  3 goblins (D:1)
16 creatures vanquished.

Notes
Turn   | Place    | Note
--------------------------------------------------------------
     0 | D:1      | Malachi, the Deep Dwarf Earth Elementalist, began the quest for the Orb.
     0 | D:1      | Reached XP level 1. HP: 15/15 MP: 3/3
   303 | D:1      | Reached XP level 2. HP: 22/22 MP: 0/4
   674 | D:1      | HP: 1/22 [kobold/whip (3)]
   675 | D:1      | Slain by a kobold

Action                   || total
-------------------------++-------
Melee: Short sword       ||     5
       Unarmed           ||     2
 Cast: Sandblast         ||    28
